 Dungeon Sprint DCSS version 0.29-a0-512-gf59ac788ac (webtiles) character file.

Game seed: 17196438443055226877

5429 mhtbhm the Grappler (level 10, -1/105 HPs)
             Began as a Troll Transmuter on May 30, 2022.
             Was an Initiate of Gozag.
             Slain by Agnes
             ... wielding a +2 lajatang of speed
              (15 damage)
             ... in the Dungeon (Sprint IV: "Fedhas' Mad Dash").
             The game lasted 00:05:44 (1842 turns).

mhtbhm the Grappler (Troll Transmuter)              Turns: 1842, Time: 00:05:44

Health: -1/105     AC:  6    Str: 20    XL:     10   Next: 40%
Magic:  15/19      EV: 11    Int: 11    God:    Gozag
Gold:   1078       SH:  0    Dex: 10    Spells: 13/23 levels left

rFire   x . .      SeeInvis .     - Unarmed
rCold   + + +      Faith    .   (shield currently unavailable)
rNeg    . . .      Spirit   .   (body armour currently unavailable)
rPois   +          Reflect  .   (helmet currently unavailable)
rElec   .          Harm     .   (cloak currently unavailable)
rCorr   .          Rampage  .   (gloves unavailable)
Will    .....      NoTele   +   (boots unavailable)
Stlth   +++.......              g - amulet of invisibility {+Inv}
HPRegen 1.07/turn               (no ring)
MPRegen 0.16/turn               (no ring)

@: ice-form, wereblooded, hasted, very quick
A: freezing attack, amphibious, boosted hp, large, unfitting armour, (claws 3),
regeneration 1, (shaggy fur 1), (tough skin 1), dopey 1
a: End Transformation, Renounce Religion, Evoke Invisibility, Potion Petition,
Call Merchant, Bribe Branch


You were in the Dungeon.
You worshipped Gozag.
Gozag was most pleased with you.
You were a creature of crystalline ice.
You visited 1 branch You collected 2384 gold pieces.
You spent 655 gold pieces at shops.
You paid 651 gold pieces to Gozag.

Inventory:

Armour
 a - a +0 robe (melded)
 h - a +1 hat (melded)
Jewellery
 g - the amulet of invisibility (around neck) {+Inv}
   (You found it in the Dungeon)

   [amulet of nothing]

   +Inv:      It lets you turn invisible.
 j - the ring "Pehuuxid" {Ice Will+ Int+3}
   (You found it in the Dungeon)

   [ring of ice]

   It enhances your ice magic.
   Int:       It affects your intelligence (+3).
   rF:        It makes you vulnerable to fire.
   rC:        It protects you from cold.
   Will:      It increases your willpower.
Scrolls
 c - a scroll of poison {unknown}
Potions
 b - a potion of lignification
 d - 2 potions of heal wounds
 e - a potion of haste
 f - 2 potions of magic
 i - a potion of might {unknown}
 k - 2 potions of curing
 l - 2 potions of invisibility
 m - a potion of mutation


   Skills:
 + Level 2.4 Fighting
 + Level 4.6 Dodging
 + Level 6.2 Stealth
 + Level 13.8 Unarmed Combat
 + Level 7.1 Spellcasting
 + Level 8.0 Transmutations
 + Level 2.9 Ice Magic
 + Level 7.0 Evocations


You had 13 spell levels left.
You knew the following spells:

 Your Spells              Type           Power      Damage    Failure   Level
a - Beastly Appendage     Tmut           42%        N/A       1%          1
b - Wereblood             Tmut           21%        N/A       1%          2
c - Spider Form           Tmut/Pois      12%        N/A       10%         3
d - Ice Form              Ice/Tmut       16%        N/A       19%         4

Your spell library contained the following spells:

 Spells                   Type           Power      Damage    Failure   Level
 Magic Dart               Conj           12%        1d3       17%         1
 Shock                    Conj/Air       12%        1d3       17%         1
 Blink                    Tloc           6%         N/A       26%         2
 Searing Ray              Conj           6%         2d4       26%         2
 Gell's Gravitas          Tloc           3%         N/A       45%         3
 Portal Projectile        Hex/Tloc       6%         N/A       45%         3
 Swiftness                Air            3%         N/A       45%         3
 Airstrike                Air            1%         N/A       86%         4
 Fulminant Prism          Conj/Hex       1%         3d6       86%         4
 Passage of Golubria      Tloc           3%         N/A       86%         4


Dungeon Overview and Level Annotations

Branches:
Dungeon (1/1)

Altars:
Cheibriados
Dithmenos
Elyvilon
Gozag
Hepliaklqana
Kikubaaqudgha
Makhleb
Nemelex Xobeh
Okawaru
Qazlal
Ru
Sif Muna
Trog
Uskayaw
Vehumet
Wu Jian
Xom
Yredelemnul
Zin
The Shining One
Beogh
Jiyva
Lugonu

Shops:
D ((!!(([*

Annotations:
D Agnes


Innate Abilities, Weirdness & Mutations

You are a creature of crystalline ice.
You have a powerful freezing melee attack.
You are amphibious.
Your maximum health is increased.
Your armour is entirely melded.
You are incapable of wielding weapons or throwing items.
You are too large for most types of armour.
((You have claws for hands.))
Your natural rate of healing is unusually fast.
((You are covered in fur. (AC +1)))
((You have tough skin. (AC +1)))
You are dopey. (Int -2)


Message History

Unknown command.
Unknown command.
You open the door.
Agnes the Wanderer comes into view.
She is wielding a +2 lajatang of speed.
Unknown command.
Unknown command.
You aren't carrying any items that you can evoke.
Unknown command.
There is an open door here.
You feel yourself speed up.
A spriggan berserker comes into view. It is wielding a +0 rapier.
Found Ryzut's Distillery.
Agnes shouts!
The spriggan berserker shouts!
There is an open door here.
Okay, then.
You barely miss Agnes. You punch Agnes! You freeze Agnes.
Agnes is lightly wounded.
You pummel the spriggan berserker!! You freeze the spriggan berserker.
The spriggan berserker is heavily wounded.
Agnes hits you with a +2 lajatang of speed!!
The spriggan berserker prays to Trog.
The spriggan berserker goes berserk!
Unknown command.
You closely miss the spriggan berserker.
The spriggan berserker is heavily wounded.
Agnes hits you with a +2 lajatang of speed!
Agnes hits you with a +2 lajatang of speed!!
Unknown command.
You punch the spriggan berserker! You freeze the spriggan berserker.
The spriggan berserker is heavily wounded.
The spriggan berserker hits you with a +0 rapier!!
* * * LOW HITPOINT WARNING * * *
Agnes closely misses you.
You miss the spriggan berserker.
The spriggan berserker is heavily wounded.
Agnes hits you with a +2 lajatang of speed!
You die...
Your body crumbles into a pile of gold.

#################################
#.⌠._._._._.⌠.#..))..#....##∩##.#
'.._._._._._..'..#...#....'[)##'#
#..._._._._...#..###'##...##∩#..#
#.._._._._._..#.)##∩∩.'...#####..
#._._._._._.⌠.#################..
###################....|)###.)...
#♣♣♣♣♣..♣.###.'.∩'.....[.')'...♣.
......♣..♣##..#iY#.P.....########
♣..♣♣♣.♣).###.##i##.P....#
.♣♣..♣...♣'...#♣.♣######## #
#############.....# #..♣..♣....#
#...♣.... .♣... ......♣.... ∩. .
############ ##


You could see Agnes and a spriggan berserker (berserk).

Vanquished Creatures
  A spriggan druid (D)
  6 oklob plants (D)
  A demonic crawler (D)
  A queen bee (D)
  3 burning bushes (D)
  A hornet (D)
  3 wandering mushrooms (D)
  3 scorpions (D)
  4 killer bees (D)
  5 oklob saplings (D)
  5 spriggans (D)
  A river rat (D)
  A rat (D)
35 creatures vanquished.

Vanquished Creatures (others)
  A ballistomycete spore (D)
1 creature vanquished.

Grand Total: 36 creatures vanquished

Notes
Turn   | Place    | Note
-------+----------+-------------------------------------------
     0 | D        | mhtbhm the Troll Transmuter began the quest for the Orb.
     0 | D        | Reached XP level 1. HP: 18/18 MP: 1/1
    12 | D        | Reached skill level 4 in Unarmed Combat
    12 | D        | Reached XP level 2. HP: 26/26 MP: 0/3
   142 | D        | Learned a level 2 spell: Wereblood
   458 | D        | Noticed an oklob sapling
   459 | D        | Noticed a scorpion
   460 | D        | Killed an oklob sapling
   461 | D        | Reached skill level 5 in Unarmed Combat
   461 | D        | Reached XP level 3. HP: 15/32 MP: 0/5
   461 | D        | Killed a scorpion
   462 | D        | Reached skill level 6 in Unarmed Combat
   462 | D        | Reached XP level 4. HP: 21/40 MP: 0/6
   464 | D        | Found the amulet of invisibility {+Inv}
   517 | D        | Found an opulent altar of Gozag.
   517 | D        | Found a hazy altar of Hepliaklqana.
   517 | D        | Found a burning altar of Makhleb.
   517 | D        | Found a sparkling altar of Nemelex Xobeh.
   517 | D        | Found a snail-covered altar of Cheibriados.
   517 | D        | Found a sacrificial altar of Ru.
   517 | D        | Found a shimmering blue altar of Sif Muna.
   517 | D        | Found a shimmering altar of Xom.
   517 | D        | Found a basalt altar of Yredelemnul.
   518 | D        | Found a viscous altar of Jiyva.
   518 | D        | Found a bloodstained altar of Trog.
   518 | D        | Found an ornate altar of the Wu Jian Council.
   519 | D        | Found an iron altar of Okawaru.
   519 | D        | Found a shadowy altar of Dithmenos.
   519 | D        | Found a glowing silver altar of Zin.
   520 | D        | Found an ancient bone altar of Kikubaaqudgha.
   520 | D        | Found a hide-covered altar of Uskayaw.
   521 | D        | Found a stormy altar of Qazlal.
   521 | D        | Found a white marble altar of Elyvilon.
   521 | D        | Found a glowing golden altar of the Shining One.
   522 | D        | Found a corrupted altar of Lugonu.
   522 | D        | Found a radiant altar of Vehumet.
   526 | D        | Reached skill level 7 in Unarmed Combat
   526 | D        | Reached XP level 5. HP: 46/46 MP: 2/8
   535 | D        | Became a worshipper of Gozag Ym Sagoz the Greedy
   655 | D        | Learned a level 3 spell: Spider Form
   660 | D        | Learned a level 4 spell: Ice Form
   678 | D        | Gained mutation: You are dopey. (Int -2) [mutagenic glow]
   773 | D        | Reached skill level 8 in Unarmed Combat
   773 | D        | Reached skill level 1 in Evocations
   841 | D        | Reached skill level 1 in Stealth
   843 | D        | Reached XP level 6. HP: 42/54 MP: 4/10
   854 | D        | Found Guluw's Distillery.
   854 | D        | Found Nit Piun's Weapon Emporium.
  1122 | D        | Noticed a queen bee
  1133 | D        | Killed a queen bee
  1134 | D        | Reached skill level 1 in Fighting
  1134 | D        | Reached skill level 9 in Unarmed Combat
  1134 | D        | Reached skill level 5 in Transmutations
  1134 | D        | Reached skill level 1 in Ice Magic
  1134 | D        | Reached XP level 7. HP: 62/62 MP: 6/12
  1165 | D        | Noticed an oklob plant
  1176 | D        | Killed an oklob plant
  1177 | D        | Reached skill level 10 in Unarmed Combat
  1177 | D        | Reached skill level 5 in Spellcasting
  1177 | D        | Reached skill level 5 in Evocations
  1177 | D        | Reached XP level 8. HP: 26/71 MP: 3/15
  1254 | D        | Noticed a burning bush
  1258 | D        | Killed a burning bush
  1261 | D        | Identified the ring "Pehuuxid" {Ice Will+ Int+3}
  1285 | D        | Noticed a burning bush
  1285 | D        | Noticed an oklob plant
  1286 | D        | Noticed a wandering mushroom
  1291 | D        | Killed a burning bush
  1301 | D        | Killed a wandering mushroom
  1302 | D        | Reached skill level 11 in Unarmed Combat
  1305 | D        | Killed an oklob plant
  1306 | D        | Reached XP level 9. HP: 73/79 MP: 12/17
  1351 | D        | Noticed a spriggan druid
  1357 | D        | Killed a spriggan druid
  1358 | D        | Reached skill level 12 in Unarmed Combat
  1366 | D        | Noticed an oklob plant conjurer
  1367 | D        | Killed an oklob plant conjurer
  1468 | D        | Noticed a burning bush
  1468 | D        | Noticed a wandering mushroom
  1469 | D        | Noticed a wandering mushroom
  1471 | D        | Killed a wandering mushroom
  1479 | D        | Killed a burning bush
  1480 | D        | Reached skill level 5 in Stealth
  1481 | D        | Killed a wandering mushroom
  1497 | D        | Found Ukaew's Weapon Emporium.
  1497 | D        | Found Jotus's Antique Weapon Shoppe.
  1500 | D        | Identified the +6 war axe of Doom {vorpal, Fragile rN+++
                  | Dex-4 SInv}
  1513 | D        | Bought a potion of haste for 120 gold pieces
  1513 | D        | Bought a potion of curing for 36 gold pieces
  1513 | D        | Bought a potion of curing for 36 gold pieces
  1513 | D        | Bought 2 potions of invisibility for 192 gold pieces
  1513 | D        | Bought a potion of mutation for 96 gold pieces
  1580 | D        | Noticed an oklob plant
  1580 | D        | Noticed an oklob plant summoner
  1581 | D        | Noticed an oklob plant shifter
  1587 | D        | Killed an oklob plant
  1588 | D        | Reached skill level 13 in Unarmed Combat
  1588 | D        | Reached XP level 10. HP: 88/88 MP: 12/19
  1592 | D        | Killed an oklob plant summoner
  1596 | D        | Killed an oklob plant shifter
  1604 | D        | Noticed a spriggan rider
  1605 | D        | Found Bobor's Antique Armour Emporium.
  1653 | D        | Found Caoheg's Assorted Antiques.
  1668 | D        | Got the Incunabulum of Translocation
  1801 | D        | Bought a runed hat for 175 gold pieces
  1827 | D        | Noticed Agnes
  1832 | D        | Found Ryzut's Distillery.
  1832 | D        | Noticed a spriggan berserker
  1842 | D        | Slain by Agnes

Illustrated notes

Levels and vault maps discovered:
D:        dungeon_sprint_fedhas [sprint_temple]

Skill      XL: |  1  2  3  4  5  6  7  8  9 10 |
---------------+-------------------------------+-----
Dodging        | 2 3 4 |  4.6
Unarmed Combat | 4 5 6 7 8 9 10 11 13 | 13.8
Spellcasting   | 2 3 4 5 6 7 |  7.1
Transmutations | 2 3 4 5 6 7 8 |  8.0
Evocations     | 2 3 5 6 7 |  7.0
Stealth        | 1 2 3 4 5 6 |  6.2
Fighting       | 1 2 |  2.4
Ice Magic      | 1 2 |  2.9

Action                   |  1- 3 |  4- 6 |  7- 9 | 10-12 || total
-------------------------+-------+-------+-------+-------++-------
Melee: Unarmed           |     7 |    18 |    50 |    23 ||    98
       Kick              |     2 |     2 |    12 |       ||    16
       Headbutt          |     1 |       |    10 |       ||    11
       Punch             |       |       |     3 |       ||     3
 Cast: Beastly Appendage |     3 |     3 |     3 |       ||     9
       Wereblood         |     1 |     3 |     6 |     1 ||    11
       Ice Form          |       |     1 |     3 |     2 ||     6
Invok: Call Merchant     |       |       |     1 |       ||     1
 Abil: Evoke Invisibilit |       |     5 |     5 |       ||    10
  Use: Potion            |     1 |       |     1 |     2 ||     4
       Scroll            |       |       |       |     1 ||     1
 Stab: Sleeping          |       |     2 |     4 |     2 ||     8
       Invisible         |       |     1 |     5 |     1 ||     7
Armor: Robe              |       |     3 |     1 |       ||     4
       Skin              |       |       |     4 |     1 ||     5
Dodge: Dodged            |     1 |    10 |    11 |     3 ||    25

Table legend: (Time is in decaauts)
 A = Elapsed time spent in this place.
 B = Non-inter-level travel time spent in this place.
 C = Inter-level travel time spent in this place.
 D = Time resting spent in this place.
 E = Time spent auto-exploring this place.
 F = Levels seen in this place.
 G = Mean time per level.
                   A        B        C        D        E       F      G
               +--------+--------+--------+--------+--------+-----+--------+
         Total |   1828 |   1747 |     81 |   1114 |      0 |   1 | 1828.0 |
       Dungeon |   1828 |   1747 |     81 |   1114 |      0 |   1 | 1828.0 |
               +--------+--------+--------+--------+--------+-----+--------+

Top non-repeatable levels by time:
       D: 1828 daAuts
